 Dungeon Crawl Stone Soup version 0.31-a0-986-g5e6e4ef867 (webtiles) character file.

Game seed: 16567591845942792176

2069 Firecrotchwizard the Mimic (level 9, -8/69 HPs)
             Began as a Merfolk Shapeshifter on Nov 4, 2023.
             Was an Initiate of Dithmenos.
             Mangled by Joseph
             ... wielding a +0 quarterstaff
              (11 damage)
             ... on level 7 of the Dungeon.
             The game lasted 00:24:53 (6097 turns).

Firecrotchwizard the Mimic (Merfolk Shapeshifter)   Turns: 6097, Time: 00:24:54

Health: -8/69      AC: 10    Str: 14    XL:     9   Next: 26%
Magic:  9/9        EV: 14    Int:  9    God:    Dithmenos [......]
Gold:   295        SH:  0    Dex: 18    Spells: 8/8 levels left

rFire   + .          .
                       - Unarmed
rCold   . . .        (shield currently unavailable)
rNeg    . . .        m - +1 ring mail
rPois   .            (no helmet)
rElec   .            (no cloak)
rCorr   .            (no gloves)
SInv    .            (no boots)
Will    .....        (no amulet)
Stlth   +            r - ring of protection from fire
HPRegen 0.31/turn    o - +4 ring of protection
MPRegen 0.11/turn

%: no passive effects
@: flux-form, glowing
A: glow, contaminating, (nimble swimmer 2), mertail
a: Begin Untransformation, Renounce Religion


You were on level 7 of the Dungeon.
You worshipped Dithmenos.
Dithmenos was noncommittal.
You were something dangerously unstable.
You visited 2 branches of the dungeon, and saw 8 of its levels.
You also visited: Sewer.

You collected 295 gold pieces.

Inventory:

Armour
 a - a +0 animal skin
 m - a +1 ring mail (worn)
Jewellery
 o - a +4 ring of protection (right hand)
 r - a ring of protection from fire (left hand)
 v - a ring of positive energy
 B - a +4 ring of protection
Talismans
 c - a beast talisman
 d - a flux talisman (active)
 q - a maw talisman
Wands
 s - a wand of mindburst (17)
 y - a wand of charming (4)
Scrolls
 f - a scroll of fog
 g - 2 scrolls of blinking
 h - a scroll of fear
 i - 2 scrolls of identify
 j - 2 scrolls of noise
 l - a scroll of brand weapon
 n - a scroll of amnesia
 u - a scroll of revelation
 w - a scroll of enchant weapon
 A - a scroll of enchant armour
Potions
 b - 2 potions of lignification
 e - 2 potions of brilliance
 k - a potion of magic {unknown}
 x - a potion of mutation {unknown}
 z - a potion of haste {unknown}


   Skills:
 + Level 5.9 Fighting
 + Level 7.7 Dodging
 + Level 6.9 Unarmed Combat
 * Level 9.4 Shapeshifting


You had 8 spell levels left.
You didn't know any spells.
Your spell library contained the following spells:

 Spells                   Type           Power      Damage    Failure   Level
 Apportation              Tloc           0%         N/A       63%         1
 Necrotise                Necr           0%         1d4       63%         1
 Summon Small Mammal      Summ           0%         N/A       63%         1
 Tukima's Dance           Hex            0%         N/A       94%         3
 Dimensional Bullseye     Hex/Tloc       0%         N/A       100%        4
 Iskenderun's Mystic Bla  Conj/Tloc      0%         2d3       100%        4


Dungeon Overview and Level Annotations

Branches:
Dungeon (7/15)             Temple (1/1) D:6           Sewer (visited)

Altars:
Ashenzari
Cheibriados
Dithmenos
Elyvilon
Fedhas
Gozag
Hepliaklqana
Kikubaaqudgha
Makhleb
Nemelex Xobeh
Okawaru
Qazlal
Ru
Sif Muna
Trog
Uskayaw
Wu Jian
Xom
Yredelemnul
Zin

Shops:
D:1 [

Annotations:
D:6 2 runed translucent doors, Stellion's ghost, novice GnRe
D:7 Joseph


Innate Abilities, Weirdness & Mutations

You are something dangerously unstable.
You glow with magical radiation, making you easy to see and hit.
Foes you strike become dangerously contaminated with magical radiation.
You are incapable of wielding weapons or throwing items.
((You are very nimble when in or above water. (Stealth+, EV+, Speed+++)))
Your lower body shifts to a powerful aquatic tail in water.


Message History

Joseph unwields a +0 quarterstaff.
Joseph wields a +2 sling of flaming.
It bursts into flame!
Joseph shoots a sling bullet.
The sling bullet hits you!
You hear a shout!
Joseph shoots a sling bullet.
The sling bullet hits you! The sling bullet burns you.
Joseph shoots a sling bullet.
The sling bullet closely misses you.
Found a dagger.
You start resting.
An orc priest is nearby!
The orc priest closely misses you.
You hit the orc priest.
The orc priest begins to glow.
The orc priest is lightly wounded.
The orc priest hits you with a +0 dagger.
You hit the orc priest but do no damage.
The orc priest glows dangerously bright.
The orc priest is lightly wounded.
The orc priest invokes the aid of Beogh against you.
Beogh smites you!
* * * LOW HITPOINT WARNING * * *
You hit the orc priest but do no damage.
The orc priest shudders as magic cascades through it.
The orc priest twists and deforms.
The orc priest is moderately wounded.
The orc priest hits you with a +0 dagger.
* * * LOW HITPOINT WARNING * * *
You closely miss the orc priest.
The orc priest is moderately wounded.
You hit Joseph.
Joseph begins to glow.
Joseph is lightly wounded.
You hit Joseph.
Joseph glows dangerously bright.
Joseph is lightly wounded.
Joseph unwields a +2 sling of flaming.
It stops flaming.
Joseph wields a +0 quarterstaff.
Joseph hits you but does no damage.
You punch Joseph!
Joseph shudders as magic cascades through him.
Joseph twists and deforms.
Joseph is moderately wounded.
Joseph hits you with a +0 quarterstaff!
* * * LOW HITPOINT WARNING * * *
You barely miss Joseph.
Joseph is moderately wounded.
You barely miss Joseph.
Joseph is moderately wounded.
Joseph hits you with a +0 quarterstaff!
* * * LOW HITPOINT WARNING * * *
The orc priest invokes the aid of Beogh against you.
Beogh smites you!
* * * LOW HITPOINT WARNING * * *
You feel better. Joseph barely misses you.
The orc priest mumbles some strange prayers to Beogh against you.
Beogh smites you!
* * * LOW HITPOINT WARNING * * *
You feel better. Joseph hits you but does no damage.
You feel better. Joseph closely misses you.
You barely miss Joseph.
Joseph is moderately wounded.
Joseph hits you with a +0 quarterstaff.
* * * LOW HITPOINT WARNING * * *
You closely miss Joseph.
Joseph is moderately wounded.
Joseph closely misses you.
Unknown command.
You barely miss Joseph.
Joseph is moderately wounded.
Joseph misses you.
You closely miss Joseph.
Joseph is moderately wounded.
Joseph says, "Coming here was your last mistake."
Joseph misses you.
You hit Joseph but do no damage.
Joseph begins to glow.
Joseph is moderately wounded.
Joseph barely misses you.
You hit Joseph but do no damage.
Joseph glows dangerously bright.
Joseph is moderately wounded.
Joseph hits you with a +0 quarterstaff!
* * * LOW HITPOINT WARNING * * *
You hit Joseph.
Joseph shudders as magic cascades through him.
Joseph twists and deforms.
Joseph is moderately wounded.
You hit Joseph.
Joseph begins to glow.
Joseph is moderately wounded.
Joseph hits you but does no damage.
You hit Joseph.
Joseph glows dangerously bright.
Joseph is heavily wounded.
Joseph hits you with a +0 quarterstaff.
* * * LOW HITPOINT WARNING * * *
You hit Joseph.
Joseph shudders as magic cascades through him!!
Joseph twists and deforms.
Joseph is almost dead.
Joseph barely misses you.
You barely miss Joseph.
Joseph is almost dead.
Joseph hits you with a +0 quarterstaff!
* * * LOW HITPOINT WARNING * * *
You hit Joseph but do no damage.
Joseph begins to glow.
Joseph is almost dead.
Joseph hits you with a +0 quarterstaff!
You die...

## ..# # ... . #.# #
#.# # ###########.# #
### #.....)...#.###..#
#.. #.......p........#
#.# #..######@#.##...#
#.# #o#.#....# #..
#...#.#..######..
#.###.#...>......
.#####.....#....####..
..o...<..............†
###........#....####..
#@#..###.#.#### ##.


You could see Joseph (contam, misshapen) and an orc priest (misshapen).

Vanquished Creatures
  Grinder (D:3)
  A steam dragon (D:7)
  A sky beast (D:6)
  3 ice beasts
  3 ogres (D:5)
  A phantom (D:4)
  3 bullfrogs
  2 scorpions
  A howler monkey (D:5)
  3 jellies
  3 hounds
  Crazy Yiuf (D:5)
  An orc priest (D:3)
  A gnoll bouda (D:4)
  Terence (D:6)
  An iguana (D:6)
  Natasha (D:3)
  2 orc wizards (D:4)
  9 gnolls
  7 adders
  A white imp (D:5)
  A worm (D:3)
  6 dart slugs (D:7)
  21 orcs
  8 bats
  10 endoplasms
  13 giant cockroaches
  10 goblins
  9 hobgoblins
  6 kobolds
  9 quokkas
  9 ball pythons
  6 frilled lizards
  8 rats
163 creatures vanquished.

Vanquished Creatures (others)
  A gnoll (D:6)
1 creature vanquished.

Grand Total: 164 creatures vanquished

Notes
Turn   | Place    | Note
-------+----------+-------------------------------------------
     0 | D:1      | Firecrotchwizard the Merfolk Shapeshifter began the quest
                  | for the Orb.
     0 | D:1      | Reached XP level 1. HP: 15/15 MP: 1/1
   144 | D:1      | Reached XP level 2. HP: 20/21 MP: 2/2
   528 | D:1      | Reached XP level 3. HP: 20/27 MP: 3/3
   529 | D:1      | Found Rungur's Armour Shop.
   932 | D:2      | Identified the "Amefob"
  1095 | D:2      | Found a faded altar of an unknown god.
  1604 | D:3      | Reached XP level 4. HP: 31/33 MP: 4/4
  1967 | D:3      | Found a glowing drain.
  1980 | D:3      | Reached XP level 5. HP: 39/39 MP: 5/5
  1989 | D:3      | Noticed Terence
  2004 | Sewer    | Entered a sewer
  2139 | Sewer    | Reached skill level 5 in Shapeshifting
  2150 | Sewer    | Reached XP level 6. HP: 27/47 MP: 6/6
  2546 | D:3      | Noticed Grinder
  2550 | D:3      | Killed Grinder
  2551 | D:3      | Reached skill level 5 in Dodging
  2551 | D:3      | Reached skill level 5 in Unarmed Combat
  2551 | D:3      | Reached skill level 6 in Shapeshifting
  2551 | D:3      | Reached XP level 7. HP: 53/53 MP: 7/7
  2690 | D:4      | Noticed Natasha
  2812 | D:3      | Killed Natasha
  2887 | D:4      | Identified the +1 pair of boots of Modesty {rF+ Dex+4
                  | Stlth+}
  3016 | D:4      | Identified the +1 dagger "Loupaer" {flame, rCorr Int+3
                  | SInv}
  3151 | D:5      | Entered Level 5 of the Dungeon
  3401 | D:5      | Reached skill level 7 in Shapeshifting
  3401 | D:5      | Reached XP level 8. HP: 51/61 MP: 8/8
  3866 | D:5      | Found a runed translucent door.
  3866 | D:5      | Noticed Crazy Yiuf
  3872 | D:5      | Killed Crazy Yiuf
  3873 | D:5      | Reached skill level 5 in Fighting
  4089 | D:5      | Reached skill level 8 in Shapeshifting
  4410 | D:6      | Found a staircase to the Ecumenical Temple.
  4450 | Temple   | Entered the Ecumenical Temple
  4521 | Temple   | Became a worshipper of Dithmenos the Shadowed
  4777 | D:6      | Found a glowing silver altar of Zin.
  4785 | D:6      | Killed Terence
  5216 | D:6      | Found a burning altar of Makhleb.
  5218 | D:6      | Found an ancient bone altar of Kikubaaqudgha.
  5218 | D:6      | Found an ornate altar of the Wu Jian Council.
  5260 | D:6      | Found a runed translucent door.
  5261 | D:6      | Noticed Stellion's ghost (novice GnRe)
  5322 | D:6      | Found a runed translucent door.
  5445 | D:6      | Reached XP level 9. HP: 67/68 MP: 9/9
  5457 | D:6      | Reached skill level 9 in Shapeshifting
  6060 | D:7      | Noticed Joseph
  6096 | D:7      | HP: 3/69 [Joseph/+0 quarterstaff (9)]
  6097 | D:7      | Mangled by Joseph

Illustrated notes

Levels and vault maps discovered:
D:1:      dpeg_arrival_rhombi, layout_basic, serial_shops,
          nicolae_shop_tiny_real_fake_doors, minmay_misc_feat_encased
D:2:      layout_basic, shapermc_ecumenical_altar_rom_forum
D:3:      layout_loops_ring, cheibrodos_sewer_entry_sluice, uniq_terence,
          uniq_grinder
D:4:      layout_cave_pools, uniq_natasha
D:5:      layout_cave_pools, chequers_decorated_corner,
          corexii_item_surrounded_by_moat, uniq_crazy_yiuf_cottage
D:6:      layout_basic, mainiacjoe_overflow_small_starburst,
          chequers_temple_overflow_statue_of_worship,
          minmay_temple_entry_drinking_statues, ebering_ghost_sewer_f,
          bh_walls_and_bars
D:7:      kennysheep_slugbush, layout_loops_ring, nicolae_tso_carved_into_rock,
          gammafunk_ghost_berserking_beasts, uniq_joseph
Temple:   nicolae_temple_superstar

Skill      XL: |  1  2  3  4  5  6  7  8  9 |
---------------+----------------------------+-----
Dodging        | 3 4 5 6 7 |  7.7
Fighting       | 2 3 4 5 |  5.9
Unarmed Combat | 4 5 6 |  6.9
Shapeshifting  | 5 6 7 8 9 |  9.4

Action                     |  1- 3 |  4- 6 |  7- 9 || total
---------------------------+-------+-------+-------++-------
  Melee: Unarmed           |   124 |   167 |   318 ||   609
         Punch             |     1 |     1 |     2 ||     4
         Tailslap          |       |    11 |     1 ||    12
  Evoke: Wand              |       |     4 |     1 ||     5
    Use: Scroll            |       |       |    13 ||    13
         Potion            |       |       |     3 ||     3
   Stab: Sleeping          |     1 |     1 |       ||     2
 Armour: Animal skin       |    32 |       |       ||    32
         Ring mail         |    14 |    76 |   189 ||   279
  Dodge: Dodged            |    60 |   123 |   186 ||   369
   Form: Flux              |       |       |     1 ||     1

Table legend: (Time is in decaauts)
 A = Elapsed time spent in this place.
 B = Non-inter-level travel time spent in this place.
 C = Inter-level travel time spent in this place.
 D = Time resting spent in this place.
 E = Time spent auto-exploring this place.
 F = Levels seen in this place.
 G = Mean time per level.
                   A        B        C        D        E       F      G
               +--------+--------+--------+--------+--------+-----+--------+
         Total |   6007 |   5700 |    307 |   1111 |   3323 |   9 |  667.4 |
       Dungeon |   5663 |   5432 |    231 |   1111 |   3187 |   7 |  809.0 |
        Temple |     77 |      2 |     75 |      0 |      0 |   1 |   77.0 |
         Sewer |    265 |    265 |      0 |      0 |    135 |   1 |  265.0 |
               +--------+--------+--------+--------+--------+-----+--------+

Top non-repeatable levels by time:
     D:6: 1362 daAuts
     D:5: 1147 daAuts
     D:1: 925 daAuts
     D:3: 733 daAuts
     D:2: 625 daAuts
     D:4: 623 daAuts
   Sewer: 265 daAuts
     D:7: 245 daAuts
  Temple: 77 daAuts
